 Dungeon Crawl Stone Soup version 0.30.0-29-ga12c61a403 (webtiles) character file.

Game seed: 4796764796361680814

728 LustLizard the Gusty (level 7, 0/60 HPs)
             Began as a Deep Elf Air Elementalist on June 25, 2023.
             Was an Initiate of Vehumet.
             Slain by a scorpion (2 damage)
             ... on level 5 of the Dungeon.
             The game lasted 00:07:48 (5204 turns).

LustLizard the Gusty (Deep Elf Air Elementalist)    Turns: 5204, Time: 00:07:49

Health: 0/60       AC:  4    Str:  4 (7)  XL:     7   Next: 44%
Magic:  8/16       EV: 12    Int: 22 (23) God:    Vehumet [......]
Gold:   272        SH:  0    Dex: 12 (15) Spells: 6/16 levels left

rFire   . . .        l - staff of cold "Lockutru" {rC+ Will+ Int+3 SInv}
rCold   + . .        (no shield)
rNeg    . . .        a - +0 robe
rPois   .            (no helmet)
rElec   .            j - +0 cloak
rCorr   +            h - +0 pair of gloves
SInv    +            (no boots)
Will    +....        (no amulet) Stlth
                     g - ring of wizardry
HPRegen 0.30/turn    q - ring of resist corrosion
MPRegen 0.15/turn

%: wizardry (x1)
@: berserking, lethally poisoned (0 -> -3), very quick
A: no striking features
a: Renounce Religion


You were on level 5 of the Dungeon.
You worshipped Vehumet.
Vehumet was noncommittal.
You visited 1 branch of the dungeon, and saw 5 of its levels.

You collected 272 gold pieces.

Inventory:

Hand Weapons
 e - a +0 dagger
Missiles
 x - a throwing net
Armour
 a - a +0 robe (worn)
 h - a +0 pair of gloves (worn)
 j - a +0 cloak (worn)
Magical Staves
 l - the staff of cold "Lockutru" (weapon) {rC+ Will+ Int+3 SInv}
   (You found it on level 2 of the Dungeon)

   [staff of cold]

   Base accuracy: +5 Base damage: 5 Base attack delay: 1.2 This weapon's minimum
   attack delay (0.6) is reached at skill level 12.
   Int:       It affects your intelligence (+3).
   rC:        It protects you from cold.
   SInv:      It lets you see invisible.
   Will:      It increases your willpower.
   It falls into the 'Staves' category.
   It is a one-handed weapon.
Jewellery
 g - a ring of wizardry (left hand)
 q - a ring of resist corrosion (right hand)
Wands
 w - a wand of flame (6)
Scrolls
 c - a scroll of enchant armour {unknown}
 d - 2 scrolls of enchant weapon {unknown}
 k - 2 scrolls of identify {unknown}
 o - a scroll of fear {unknown}
 p - a scroll of vulnerability {unknown}
 r - a scroll of teleportation {unknown}
Potions
 s - a potion of degeneration
 t - a potion of resistance {unknown}
 u - a potion of flight {unknown}
 v - a potion of lignification {unknown}


   Skills:
 + Level 2.6 Fighting
 - Level 2.4 Dodging
 - Level 4.0 Stealth
 + Level 5.3 Spellcasting
 + Level 3.8 Conjurations
 * Level 5.9 Air Magic


You had 6 spell levels left.
You knew the following spells:

 Your Spells              Type           Power      Damage    Failure   Level
a - Shock                 Conj/Air       100%       1d9       1%          1
b - Static Discharge      Conj/Air       54%        2-5/arc   1%          2
c - Swiftness             Air            31%        N/A       1%          3
d - Airstrike             Air            15%        2d(3-19)  3%          4

Your spell library contained the following spells:

 Spells                   Type           Power      Damage    Failure   Level
 Vhi's Electric Charge    Tloc/Air       36%        N/A       3%          3
 Lesser Beckoning         Tloc           10%        N/A       6%          2
 Gell's Gravitas          Tloc           5%         N/A       12%         3
 Teleport Other           Tloc           5%         N/A       12%         3
 Arcjolt                  Conj/Air       13%        1d23      16%         5
 Maxwell's Capacitive Co  Air            15%        ∞         100%        8


Dungeon Overview and Level Annotations

Branches:
Dungeon (5/15)
 Temple: D:4-7

Altars:
Elyvilon
Nemelex Xobeh
Uskayaw
Vehumet
Wu Jian
Xom

Annotations:
D:2 1 runed translucent door, Crazy Yiuf
D:3 exclusion: scorpion, Sigmund
D:4 Dowan, Duvessa


Message History

Confirm with . or Enter, or press ? or * to list all spells.
Aiming: Airstrike (dangerous; 3% risk of failure)
Press: ? - help, Dir - move target, f/p - scorpion
Aim: a scorpion (moderately wounded, empty space bonus: 4/8)
The air twists around and strikes the scorpion.
The scorpion is heavily wounded.
The scorpion stings you.
* * * LOW HITPOINT WARNING * * *
Casting: Airstrike (dangerous; 3% risk of failure)
Confirm with . or Enter, or press ? or * to list all spells.
Aiming: Airstrike (dangerous; 3% risk of failure)
Press: ? - help, Dir - move target, f/p - scorpion
Aim: a scorpion (heavily wounded, empty space bonus: 4/8)
The air twists around and strikes the scorpion.
The scorpion is severely wounded.
The scorpion stings you.
* * * LOW HITPOINT WARNING * * *
You are lethally poisoned!
The scorpion poisons you!
It was a potion of degeneration.
There was something very wrong with that liquid.
You feel weakened.
You feel dopey.
You feel clumsy.
* * * LOW HITPOINT WARNING * * *
You feel sick. The scorpion closely misses you.
It was a potion of haste.
You feel yourself speed up.
* * * LOW HITPOINT WARNING * * *
You feel sick.
The scorpion stings you but does no damage.
It was a potion of cancellation.
Your magical effects are unravelling.
You feel magically purged.
You feel yourself slow down.
* * * LOW HITPOINT WARNING * * *
You feel sick. The scorpion closely misses you.
It was a potion of berserk rage.
A red film seems to cover your vision as you go berserk!
You feel yourself moving faster!
You feel mighty!
* * * LOW HITPOINT WARNING * * *
You feel sick. The scorpion stings you.
You die...

###......#####...##
####....##($5##..#
..##.#..#.?∩55#..######
#.......##..5##.......#
.........#####...####.#
...#.###.........# #)#
#..#.######.###..# #####
#..#..>....#.....#8.....
#..#.######.####@s.....8
#.....>.....# #.#...###
#.##†######## #.#S..#
#.##.# #.# .8# #.#..#
### .... #.#[## .###
#.#. .. ..#. #.#.


You could see a scorpion.

Vanquished Creatures
  Menkaure (D:4)
  A water moccasin (D:5)
  A phantom (D:5)
  A scorpion (D:5)
  2 hounds
  2 iguanas (D:5)
  Natasha (thrice) (D:4)
  8 adders
  4 worms
  3 dart slugs
  2 orcs
  7 endoplasms
  A giant cockroach (D:2)
  7 goblins
  6 hobgoblins
  12 jackals
  6 kobolds
  4 quokkas
  6 ball pythons
  11 bats
  6 frilled lizards
  7 rats
101 creatures vanquished.

Notes
Turn   | Place    | Note
-------+----------+-------------------------------------------
     0 | D:1      | LustLizard the Deep Elf Air Elementalist began the quest
                  | for the Orb.
     0 | D:1      | Reached XP level 1. HP: 10/10 MP: 6/6
   218 | D:1      | Reached XP level 2. HP: 15/15 MP: 4/8
   333 | D:1      | Learned a level 2 spell: Static Discharge
   955 | D:1      | Reached XP level 3. HP: 20/20 MP: 7/9
  1055 | D:1      | Learned a level 3 spell: Swiftness
  1452 | D:2      | Identified the staff of cold "Lockutru" {rC+ Will+ Int+3
                  | SInv}
  1531 | D:2      | Found a runed translucent door.
  1532 | D:2      | Noticed Crazy Yiuf
  1626 | D:2      | Reached skill level 1 in Fighting
  2176 | D:3      | Reached XP level 4. HP: 25/25 MP: 9/11
  2428 | D:3      | Noticed a scorpion
  2469 | D:3      | Learned a level 4 spell: Airstrike
  2474 | D:3      | Noticed Sigmund
  3084 | D:3      | Reached XP level 5. HP: 28/29 MP: 8/12
  3490 | D:4      | Noticed Natasha
  3494 | D:4      | Killed Natasha
  3543 | D:4      | Noticed Natasha
  3564 | D:4      | Killed Natasha
  3663 | D:4      | Noticed Natasha
  3668 | D:4      | Killed Natasha
  3989 | D:4      | Noticed Duvessa
  3989 | D:4      | Noticed Dowan
  4025 | D:4      | Found a shimmering altar of Xom.
  4060 | D:4      | Found a sparkling altar of Nemelex Xobeh.
  4067 | D:4      | Found an ornate altar of the Wu Jian Council.
  4070 | D:4      | Found a radiant altar of Vehumet.
  4072 | D:4      | Found a hide-covered altar of Uskayaw.
  4385 | D:4      | Became a worshipper of Vehumet
  4391 | D:4      | Found a white marble altar of Elyvilon.
  4437 | D:4      | Reached XP level 6. HP: 28/35 MP: 5/14
  4585 | D:4      | Noticed Menkaure
  4591 | D:4      | Killed Menkaure
  4592 | D:4      | Reached skill level 5 in Air Magic
  4788 | D:5      | Entered Level 5 of the Dungeon
  5009 | D:5      | Reached skill level 5 in Spellcasting
  5009 | D:5      | Reached XP level 7. HP: 36/40 MP: 8/16
  5203 | D:5      | HP: 2/40 [poisoned by a scorpion]
  5204 | D:5      | Slain by a scorpion

Illustrated notes

Levels and vault maps discovered:
D:1:      ebering_trefoil_twist, layout_basic
D:2:      layout_basic, minmay_misc_feat_pillars, uniq_crazy_yiuf_cottage
D:3:      layout_loops_ring, lexackson_kobold_supper, uniq_sigmund
D:4:      layout_basic, nicolae_overflow_hallway_of_the_gods,
          dreamdust_wishing_well, uniq_duvessa, uniq_natasha, uniq_menkaure
D:5:      cheibrodos_quashed, layout_loops_ring, nicolae_nh_oracle_at_delphi,
          uniq_grinder, uniq_edmund

Skill      XL: |  1  2  3  4  5  6 |
---------------+-------------------+-----
Stealth        | 3 4 |  4.0
Fighting       | 1 2 |  2.6
Conjurations   | 2 3 |  3.8
Air Magic      | 4 5 |  5.9
Spellcasting   | 4 5 |  5.3
Dodging        | |  2.4

Action                     |  1- 3 |  4- 6 |  7- 9 || total
---------------------------+-------+-------+-------++-------
  Melee: Unarmed           |     2 |       |       ||     2
   Cast: Shock             |    97 |   110 |     8 ||   215
         Static Discharge  |     1 |    14 |     3 ||    18
         Airstrike         |       |     1 |     5 ||     6
    Use: Potion            |       |       |     7 ||     7
 Armour: Robe              |     2 |     1 |     3 ||     6
  Dodge: Dodged            |    16 |    12 |     7 ||    35
